 Dungeon Crawl Stone Soup version 0.26-a0-651-gb41185065b (webtiles) character file.

Game seed: 6464633349616725499

3374 Kraken2834 the Basher (level 9, -3/82 HPs)
             Began as a Minotaur Berserker on Sept 30, 2020.
             Was a High Priest of Trog.
             Slain by a two-headed ogre
             ... wielding a +0 giant spiked club
              (13 damage)
             ... on level 8 of the Dungeon.
             The game lasted 00:25:58 (7997 turns).

Kraken2834 the Basher (Minotaur Berserker)          Turns: 7997, Time: 00:25:59

Health: -3/82      AC: 11    Str: 29    XL:     9   Next: 74%
Magic:  8/8        EV: 10    Int:  8    God:    Trog [*****.]
Gold:   458        SH: 11    Dex: 13    Spells: 8/8 levels left

rFire    . . .     SeeInvis +   y - +1 morningstar (protect)
rCold    + . .     Faith    +   K - +0 kite shield
rNeg     + . .     Spirit   .   B - +2 robe of Impermeability {rN+ Str+2 Int+4 SInv}
rPois    .         Reflect  .   (helmet restricted)
rElec    +         Harm     .   (no cloak)
rCorr    .         Rampage  .   (no gloves)
MR       .....     Rnd*Tele +   (no boots)
Stlth    ++........             q - amulet of faith
HPRegen  0.23/turn              f - ring of see invisible
MPRegen  0.11/turn              D - ring "Luasi" {*Tele rElec rC+ Str+2 Dex+3}

@: protection aura, studying Shields
A: retaliatory headbutt, horns 2
a: Berserk, Trog's Hand, Brothers in Arms, Renounce Religion


You were on level 8 of the Dungeon.
You worshipped Trog.
Trog was extremely pleased with you.
You visited 1 branch of the dungeon, and saw 8 of its levels.

You collected 458 gold pieces.

Inventory:

Hand Weapons
 i - a +1 whip of flaming
 p - a +1 flail of draining
 y - a +1 morningstar of protection (weapon)
Armour
 B - the +2 robe of Impermeability (worn) {rN+ Str+2 Int+4 SInv}
   (You found it on level 5 of the Dungeon)

   It affects your strength (+2).
   It affects your intelligence (+4).
   It protects you from negative energy.
   It lets you see invisible.
 H - the +3 buckler "Rehuen" {rPois rF+}
   (You took it off a gnoll sergeant on level 7 of the Dungeon)

   It protects you from fire.
   It protects you from poison.
 K - a +0 kite shield (worn)
Jewellery
 f - a ring of see invisible (left hand)
 q - an amulet of faith (around neck)
 A - an uncursed amulet of the acrobat {unknown}
 D - the ring "Luasi" (right hand) {*Tele rElec rC+ Str+2 Dex+3}
   (You took it off a gnoll shaman on level 7 of the Dungeon)

   [ring of teleportation]

   It may teleport you next to monsters.
   It affects your strength (+2).
   It affects your dexterity (+3).
   It protects you from cold.
   It insulates you from electricity.
Wands
 l - a wand of enslavement (6)
 r - a wand of flame (32)
 C - a wand of iceblast (8)
 F - a wand of acid (4)
 G - a wand of paralysis (4)
Scrolls
 d - 7 scrolls of teleportation
 e - 7 scrolls of remove curse
 h - a scroll of fear {unknown}
 k - 2 scrolls of enchant armour {unknown}
 m - 2 scrolls of magic mapping {unknown}
 n - 3 scrolls of noise {unknown}
 o - 6 scrolls of identify {unknown}
 x - 3 scrolls of amnesia {unknown}
Potions
 a - a potion of brilliance {unknown}
 b - 3 potions of curing {unknown}
 c - 3 potions of mutation {unknown}
 g - 3 potions of lignification {unknown}
 j - 3 potions of ambrosia {unknown}
 s - 2 potions of heal wounds {unknown}
 t - a potion of invisibility {unknown}
 u - a potion of magic {unknown}
 v - 4 potions of degeneration {unknown}
 w - a potion of flight {unknown}
 z - 3 potions of haste {unknown}
Books
 E - a manual of Shields


   Skills:
 + Level 8.8 Fighting
 - Level 13.8 Maces & Flails
 - Level 2.4 Armour
 - Level 2.1 Dodging
 - Level 0.8 Stealth
 * Level 5.0 Shields


You had 8 spell levels left.
You didn't know any spells.
Your spell library was empty.

Dungeon Overview and Level Annotations

Branches:
Dungeon (8/15)             Temple (0/1) D:7
   Lair: D:8-11

Altars:
Ashenzari
Dithmenos
Gozag
Kikubaaqudgha
Makhleb
Okawaru
Qazlal
Trog
Wu Jian


Innate Abilities, Weirdness & Mutations

You reflexively headbutt those who attack you in melee.
You have a pair of horns on your head.


Message History

You hit the two-headed ogre.
The two-headed ogre is moderately wounded.
The two-headed ogre hits you with a +0 giant spiked club.
The two-headed ogre barely misses you.
You closely miss the two-headed ogre.
The two-headed ogre is moderately wounded.
The two-headed ogre hits you with a +0 giant spiked club!!
The two-headed ogre hits you with a +0 dire flail!
You barely miss the two-headed ogre.
The two-headed ogre is moderately wounded.
You impale the two-headed ogre!! You headbutt the two-headed ogre.
The two-headed ogre is almost dead.
The two-headed ogre hits you with a +0 giant spiked club!!
* * * LOW HITPOINT WARNING * * *
You block the two-headed ogre's attack.
You hit the two-headed ogre.
The two-headed ogre is almost dead.
You block the two-headed ogre's attack.
The two-headed ogre hits you with a +0 dire flail!
You die...

#.........
#........###
#..........# #
#..........#..
#............. .
#..........#
....#..........#
.......<..@O.(#
.##########...#
....... ...#...
#### .. .


You could see a two-headed ogre.

Vanquished Creatures
  Pikel (D:6)
  The ghost of NeAGen181 the Tainter, a novice NaVM (D:7)
  Prince Ribbit (D:7)
  A hippogriff (D:7)
  An ice beast (D:6)
  A sky beast (D:5)
  3 ogres
  4 centaurs
  A lemure (D:6)
  3 bullfrogs
  A water moccasin zombie (D:6)
  A gnoll sergeant (D:7)
  4 wights (D:5)
  A bullfrog zombie (D:7)
  A hound (D:4)
  2 orc priests
  3 bullfrog skeletons
  A gnoll shaman (D:7)
  6 orc wizards
  3 worker ants
  Terence (D:3)
  Robin (D:3)
  10 gnolls
  A worker ant zombie (D:5)
  5 adders
  2 shadow imps
  An ufetubus (D:5)
  3 oozes
  An adder skeleton (D:6)
  2 worms
  A dart slug (D:3)
  5 leopard geckos
  25 orcs
  7 bats
  5 giant cockroaches
  11 goblins
  6 hobgoblins
  10 jackals
  8 quokkas
  9 frilled lizards
  A jackal skeleton (D:4)
  14 kobolds
  A leopard gecko zombie (D:7)
  8 rats
178 creatures vanquished.

Vanquished Creatures (collateral kills)
  Duvessa (D:6)
  An orc warrior (D:6)
  2 gnoll sergeants (D:7)
  Dowan (D:6)
  An orc wizard (D:6)
  4 gnolls (D:7)
10 creatures vanquished.

Vanquished Creatures (others)
  A gnoll (D:7)
  6 plants (D:7)
7 creatures vanquished.

Grand Total: 195 creatures vanquished

Notes
Turn   | Place    | Note
-------+----------+-------------------------------------------
     0 | D:1      | Kraken2834 the Minotaur Berserker began the quest for the
                  | Orb.
     0 | D:1      | Reached XP level 1. HP: 19/19 MP: 0/0
    47 | D:1      | Reached skill level 4 in Maces & Flails
   114 | D:1      | Reached XP level 2. HP: 26/27 MP: 1/1
   617 | D:1      | Reached XP level 3. HP: 26/33 MP: 2/2
   685 | D:1      | Reached ** piety under Trog
   953 | D:2      | Reached skill level 5 in Maces & Flails
  1552 | D:2      | Found a shadowy altar of Dithmenos.
  1674 | D:3      | Reached XP level 4. HP: 40/40 MP: 3/3
  1711 | D:3      | Found an ornate altar of the Wu Jian Council.
  1716 | D:3      | Found a bloodstained altar of Trog.
  1727 | D:3      | Found a broken altar of Ashenzari.
  1742 | D:3      | Found a burning altar of Makhleb.
  1936 | D:3      | Noticed Robin
  1948 | D:3      | Noticed Terence
  1963 | D:3      | Killed Terence
  1967 | D:3      | Killed Robin
  1967 | D:3      | Reached skill level 6 in Maces & Flails
  2288 | D:3      | Reached *** piety under Trog
  2288 | D:3      | Reached XP level 5. HP: 42/47 MP: 4/4
  2916 | D:4      | Reached skill level 5 in Fighting
  2916 | D:4      | Reached skill level 7 in Maces & Flails
  2921 | D:4      | Reached XP level 6. HP: 37/56 MP: 5/5
  3423 | D:4      | Reached **** piety under Trog
  3615 | D:4      | Reached skill level 8 in Maces & Flails
  4148 | D:5      | Entered Level 5 of the Dungeon
  4201 | D:5      | Noticed a sky beast
  4207 | D:5      | Killed a sky beast
  4210 | D:5      | Reached XP level 7. HP: 61/61 MP: 6/6
  4454 | D:5      | Reached skill level 9 in Maces & Flails
  4844 | D:5      | Found an iron altar of Okawaru.
  5048 | D:5      | Got a heavily jewelled robe
  5059 | D:5      | Identified the +2 robe of Impermeability {rN+ Str+2 Int+4
                  | SInv} (You found it on level 5 of the Dungeon)
  5280 | D:6      | Reached skill level 10 in Maces & Flails
  5295 | D:6      | Noticed Duvessa
  5298 | D:6      | Noticed Dowan
  5307 | D:6      | Killed Duvessa
  5307 | D:6      | Reached XP level 8. HP: 42/70 MP: 7/7
  5308 | D:6      | Killed Dowan
  5520 | D:6      | Noticed Pikel
  5534 | D:6      | Killed Pikel
  5534 | D:6      | Reached skill level 11 in Maces & Flails
  5561 | D:6      | Reached skill level 12 in Maces & Flails
  5776 | D:6      | Found an opulent altar of Gozag.
  5952 | D:6      | Found a stormy altar of Qazlal.
  6058 | D:6      | Reached XP level 9. HP: 30/79 MP: 8/8
  6759 | D:7      | Reached skill level 13 in Maces & Flails
  6828 | D:7      | Reached ***** piety under Trog
  6947 | D:7      | Found a transporter.
  6947 | D:7      | Identified the +4 trident "Orha" {vamp, rPois rC+ Int+4}
  6947 | D:7      | Identified the +3 buckler "Rehuen" {rPois rF+}
  6986 | D:7      | Noticed Prince Ribbit
  6994 | D:7      | Found a transporter.
  7019 | D:7      | Identified the ring "Luasi" {*Tele rElec rC+ Str+2 Dex+3}
  7050 | D:7      | Noticed NeAGen181's ghost (novice NaVM)
  7165 | D:7      | Killed NeAGen181's ghost
  7353 | D:7      | Reached skill level 1 in Shields
  7409 | D:7      | Found an ancient bone altar of Kikubaaqudgha.
  7865 | D:7      | Found a staircase to the Ecumenical Temple.
  7879 | D:7      | Killed Prince Ribbit
  7879 | D:7      | Reached skill level 5 in Shields
  7985 | D:8      | Noticed a two-headed ogre
  7997 | D:8      | Slain by a two-headed ogre

Illustrated notes

Levels and vault maps discovered:
D:1:      dpeg_arrival_signposts, layout_rooms
D:2:      minmay_general_purpose_star, layout_loops_ring,
          nicolae_overflow_hidden_temple, minmay_diced_spiral
D:3:      layout_loops_corners, grunt_temple_overflow_cloverleaf, uniq_terence,
          uniq_robin
D:4:      layout_basic
D:5:      layout_basic, kennysheep_little_box, minmay_misc_feat_tower
D:6:      layout_rooms, grunt_temple_overflow_open, uniq_pikel, uniq_duvessa
D:7:      layout_cave_pods, kiku_gazebo_pond_becter, temple_green,
          gammafunk_ghost_gnarly_gnolls, uniq_prince_ribbit1
D:8:      layout_basic, lemuel_crystal_altar, lemuel_round_altar, serial_shops,
          nicolae_shop_statue_plus, chequers_jeans

Skill      XL: |  1  2  3  4  5  6  7  8  9 |
---------------+----------------------------+-----
Maces & Flails | 4 5 6 7 8 10 12 13 | 13.8
Fighting       | 4 5 6 7 8 |  8.8
Shields        | 5 |  5.0
Armour         | |  2.4
Dodging        | |  2.1
Stealth        | |  0.8

Action                   |  1- 3 |  4- 6 |  7- 9 || total
-------------------------+-------+-------+-------++-------
Melee: Mace              |    82 |       |       ||    82
       Headbutt          |     9 |    21 |    44 ||    74
       Morningstar       |    20 |    25 |   194 ||   239
       Flail             |       |   100 |       ||   100
Invok: Berserk           |       |     1 |     1 ||     2
       Brothers in Arms  |       |       |     4 ||     4
  Use: Scroll            |     1 |     1 |       ||     2
Armor: Animal skin       |    17 |       |       ||    17
       Chain mail        |    52 |    73 |    25 ||   150
       Robe              |       |       |    37 ||    37
Dodge: Dodged            |    80 |    66 |   110 ||   256
Block: Kite shield       |       |       |    10 ||    10

Table legend: (Time is in decaauts)
 A = Elapsed time spent in this place.
 B = Non-inter-level travel time spent in this place.
 C = Inter-level travel time spent in this place.
 D = Time resting spent in this place.
 E = Time spent auto-exploring this place.
 F = Levels seen in this place.
 G = Mean time per level.
                   A        B        C        D        E       F      G
               +--------+--------+--------+--------+--------+-----+--------+
         Total |   8044 |   7867 |    177 |    481 |   6009 |   8 | 1005.5 |
       Dungeon |   8044 |   7867 |    177 |    481 |   6009 |   8 | 1005.5 |
               +--------+--------+--------+--------+--------+-----+--------+

Top non-repeatable levels by time:
     D:6: 1376 daAuts
     D:7: 1357 daAuts
     D:4: 1266 daAuts
     D:3: 1250 daAuts
     D:5: 1112 daAuts
     D:1: 880 daAuts
     D:2: 787 daAuts
     D:8: 13 daAuts
